 Dungeon Crawl Stone Soup version 0.23.2-40-g277498a (webtiles) character file.

Game seed: 17434072531261779297

19406 Dharzhak the Cleaver (level 12, -4/105 HPs)
             Began as a Minotaur Fighter on Oct 10, 2019.
             Was an Initiate of Gozag.
             Slain by a skeletal warrior
             ... wielding a +2 halberd of flaming
              (25 damage)
             ... on level 13 of the Dungeon.
             The game lasted 00:32:06 (12425 turns).

Dharzhak the Cleaver (Minotaur Fighter)            Turns: 12425, Time: 00:32:07

Health: -4/105     AC: 20    Str: 37    XL:     12   Next: 36%
Magic:  13/13      EV: 12    Int:  5    God:    Gozag
Gold:   2325       SH: 14    Dex: 14    Spells: 11/11 levels left

rFire    . . .     SeeInvis +   H - +7 war axe "Dafryix" {venom, rElec MR+ Str+3 Dex+4}
rCold    . . .     Gourm    .   c - +0 shield
rNeg     . . .     Faith    .   G - +0 plate armour
rPois    .         Spirit   .   (helmet restricted)
rElec    +         Reflect  .   v - +0 cloak
rCorr    .         Harm     .   F - +1 pair of gloves
MR       +....                  z - +0 pair of boots
Stlth    ..........             (no amulet)
HPRegen  0.27/turn              w - ring of see invisible
MPRegen  0.13/turn              A - +3 ring of strength

@: mighty, gold aura
A: retaliatory headbutt, horns 2
a: Potion Petition, Call Merchant, Bribe Branch, Renounce Religion


You were on level 13 of the Dungeon.
You worshipped Gozag.
Gozag was most pleased with you.
You were not hungry.

You visited 1 branch of the dungeon, and saw 13 of its levels.

You collected 2986 gold pieces.
You spent 544 gold pieces at shops.
You paid 117 gold pieces to Gozag.

Inventory:

Hand Weapons
 a - a +0 war axe
 x - a +0 war axe
 H - the +7 war axe "Dafryix" (weapon) {venom, rElec MR+ Str+3 Dex+4}
   (You found it on level 9 of the Dungeon)

   It poisons the flesh of those it strikes.
   It affects your strength (+3).
   It affects your dexterity (+4).
   It insulates you from electricity.
   It affects your resistance to hostile enchantments.
 J - the +9 bardiche of Pafyby {holy, MR++}
   (You found it on level 10 of the Dungeon)

   It has been blessed by the Shining One to cause great damage to the undead
   and demons.
   It affects your resistance to hostile enchantments.
Armour
 c - a +0 shield (worn)
 v - a +0 cloak (worn)
 z - a +0 pair of boots (worn)
 F - a +1 pair of gloves (worn)
 G - a +0 plate armour (worn)
Jewellery
 k - an uncursed ring of protection from cold
 w - a ring of see invisible (left hand)
 A - a +3 ring of strength (right hand)
Wands
 g - a wand of polymorph (13)
 y - a wand of iceblast (17)
 E - a wand of random effects (3)
 L - a wand of flame (18)
Scrolls
 b - a scroll of vulnerability {unknown}
 e - 7 scrolls of enchant armour {unknown}
 h - 3 scrolls of enchant weapon {unknown}
 i - 3 scrolls of immolation {unknown}
 n - 3 scrolls of teleportation {unknown}
 p - 2 scrolls of random uselessness {unknown}
 t - 2 scrolls of remove curse {unknown}
 C - a scroll of magic mapping {unknown}
 M - a scroll of fog {unknown}
Potions
 d - 4 potions of might
 j - a potion of magic
 l - 10 potions of curing
 m - 3 potions of flight
 o - 5 potions of haste
 q - 3 potions of resistance
 r - 3 potions of cancellation
 s - 3 potions of agility
 u - 2 potions of heal wounds
 D - 3 potions of brilliance
 K - a potion of mutation
Miscellaneous
 I - a lamp of fire
Comestibles
 f - 12 rations


   Skills:
 * Level 9.4 Fighting
 * Level 14.4 Axes
 + Level 0.4(9.6) Polearms
 * Level 3.6 Throwing
 * Level 10.6 Armour
 * Level 7.0 Dodging
 * Level 11.0 Shields
 * Level 3.3 Evocations


You had 11 spell levels left.
You didn't know any spells.
Your spell library contained the following spells:

 Spells                   Type           Power        Failure   Level  Hunger
 Beastly Appendage        Tmut           #.....       99%         1    ##.....
 Shock                    Conj/Air       #...         99%         1    ##.....
 Sting                    Conj/Pois      #...         99%         1    ##.....
 Poisonous Vapours        Pois/Air       #.....       100%        2    ###....
 Sticks to Snakes         Tmut           #.......     100%        2    ###....
 Swiftness                Chrm/Air       #.......     100%        2    ###....
 Mephitic Cloud           Conj/Pois/Air  #.......     100%        3    ####...
 Spider Form              Tmut/Pois      #.........   100%        3    ####...
 Static Discharge         Conj/Air       #.......     100%        3    ####...
 Airstrike                Air            #.........   100%        4    #####..
 Ice Form                 Ice/Tmut       #.......     100%        4    #####..
 Olgreb's Toxic Radiance  Pois           #.......     100%        4    #####..
 Blade Hands              Tmut           #.........   100%        5    ######.
 Lightning Bolt           Conj/Air       #.........   100%        5    ######.
 Venom Bolt               Conj/Pois      #.........   100%        5    ######.


Dungeon Overview and Level Annotations

Branches:
Dungeon (13/15)            Temple (0/1) D:6            Lair (0/6) D:11
    Orc (0/2) D:10
 Vaults: D:13-14

Altars:
Ashenzari
Cheibriados
Dithmenos
Fedhas
Gozag
Hepliaklqana
Kikubaaqudgha
Qazlal
Sif Muna
Trog
Uskayaw
Zin

Shops:
D:4 =   D:10 !   D:13 [

Annotations:
D:10 3 runed translucent doors, DimondSprtn's ghost, journeyman MiBe


Innate Abilities, Weirdness & Mutations

You reflexively headbutt those who attack you in melee.
You have a pair of horns on your head.


Message History

You hit the skeletal warrior but do no damage.
The skeletal warrior hits you with a +0 war axe.
* * * LOW HITPOINT WARNING * * *
You block the skeletal warrior's attack.
You feel much better.
The skeletal warrior hits you but does no damage.
You feel very mighty all of a sudden.
You block the skeletal warrior's attack.
The skeletal warrior hits you from afar with a +2 halberd of flaming!
* * * LOW HITPOINT WARNING * * *
The skeletal warrior burns you.
* * * LOW HITPOINT WARNING * * *
You block the skeletal warrior's attack.
You completely miss the skeletal warrior.
You headbutt the skeletal warrior!
The skeletal warrior is moderately damaged.
You hit the skeletal warrior.
The skeletal warrior hits you from afar with a +2 halberd of flaming!!
You die...
Your body crumbles into a pile of gold.

###...#.##.#.##.#.....##
#...#.##.#.##.#.....#
#.....##.#.##.......#
....................#
#..................#
#..........#.#######
.>........#.#
#.#.###...#.#
#....@z...#.###
#.#.z#.z.......
#.∩.∩##z.....## #....
#(..#..# #.∩.∩ #...#..#
#.[.. ......... ###..
#(###..#. #.. ### .. .#


You could see 4 skeletal warriors.

Vanquished Creatures
  Jorgrun (D:12)
  2 two-headed ogres
  The ghost of DolittleGuy the Cleaver, a novice DsAK of Lugonu (D:9)
  2 ugly things
  A manticore (D:13)
  A cyclops (D:12)
  2 centaur skeletons
  A tengu conjurer (D:10)
  5 trolls
  Grinder (D:4)
  A meliai zombie (D:12)
  4 hippogriffs
  4 wraiths
  A vampire (D:11)
  A wyvern (D:12)
  Eustachio (D:4)
  6 yaks (D:8)
  Menkaure (D:7)
  3 hungry ghosts
  5 porcupines (D:11)
  Duvessa (D:7)
  A hornet zombie (D:9)
  4 black bears
  6 orc warriors
  An eye of draining (D:12)
  6 sky beasts
  3 necrophages
  15 ogres
  2 ice beasts
  4 centaurs
  2 crocodiles
  A big kobold (D:7)
  15 bullfrogs
  A wyvern zombie (D:12)
  A gnoll sergeant (D:8)
  Dowan (D:7)
  3 scorpions
  4 killer bees (D:10)
  9 wights (D:8)
  2 electric eels (D:10)
  A howler monkey (D:6)
  5 crimson imps
  2 bullfrog zombies
  2 quasits
  9 orc wizards
  3 bullfrog skeletons
  9 hounds
  3 jellies
  10 orc priests
  An iron imp (D:9)
  8 iguanas
  6 worker ants
  Natasha (thrice) (D:3)
  A killer bee zombie (D:5)
  2 hound skeletons
  A worker ant zombie (D:6)
  16 adders
  12 gnolls
  4 shadow imps
  An ooze (D:7)
  An adder skeleton (D:7)
  2 worms
  3 dart slugs
  4 leopard geckos
  51 orcs
  2 ball pythons (D:3)
  5 bats
  5 giant cockroaches
  4 goblins
  7 hobgoblins
  16 jackals
  11 kobolds
  5 quokkas
  4 frilled lizards
  A giant cockroach zombie (D:5)
  5 rats
  3 fungi (D:11)
  4 plants (D:11)
358 creatures vanquished.

Vanquished Creatures (others)
  A shadow imp (D:10)
  2 fungi (D:11)
  A plant (D:11)
4 creatures vanquished.

Grand Total: 362 creatures vanquished

Notes
Turn   | Place    | Note
-------+----------+-------------------------------------------
     0 | D:1      | Dharzhak the Minotaur Fighter began the quest for the Orb.
     0 | D:1      | Reached XP level 1. HP: 19/19 MP: 0/0
   111 | D:1      | Reached XP level 2. HP: 27/27 MP: 1/1
   495 | D:1      | Reached skill level 3 in Axes
   524 | D:1      | Reached XP level 3. HP: 33/33 MP: 2/2
   821 | D:2      | Reached XP level 4. HP: 16/40 MP: 3/3
  1321 | D:3      | Noticed Natasha
  1324 | D:3      | Killed Natasha
  1348 | D:3      | Reached skill level 1 in Dodging
  1374 | D:3      | Reached skill level 4 in Axes
  1374 | D:3      | Reached XP level 5. HP: 43/46 MP: 4/4
  1431 | D:3      | Noticed Natasha
  1440 | D:3      | Killed Natasha
  1655 | D:3      | Found an ancient bone altar of Kikubaaqudgha.
  1767 | D:3      | Noticed Natasha
  1768 | D:3      | Found a stormy altar of Qazlal.
  1768 | D:3      | You fall through a shaft for 3 floors!
  1854 | D:6      | Found a blossoming altar of Fedhas.
  1862 | D:5      | Entered Level 5 of the Dungeon
  1914 | D:5      | Reached skill level 5 in Shields
  1918 | D:5      | Reached XP level 6. HP: 43/53 MP: 5/5
  2021 | D:4      | Found Xosum's Jewellery Shop.
  2075 | D:4      | Reached skill level 5 in Axes
  2122 | D:4      | Found an opulent altar of Gozag.
  2129 | D:4      | Became a worshipper of Gozag Ym Sagoz the Greedy
  2205 | D:3      | Killed Natasha
  2244 | D:3      | Found a shattered altar of Ashenzari.
  2393 | D:4      | Noticed Grinder
  2396 | D:4      | Paralysed by Grinder for 3 turns
  2403 | D:4      | Paralysed by Grinder for 3 turns
  2418 | D:4      | Paralysed by Grinder for 4 turns
  2423 | D:4      | Killed Grinder
  2423 | D:4      | Reached skill level 6 in Axes
  2423 | D:4      | Reached skill level 5 in Armour
  2423 | D:4      | Reached XP level 7. HP: 36/60 MP: 6/6
  2655 | D:4      | Reached skill level 5 in Fighting
  3310 | D:4      | Noticed Eustachio
  3340 | D:4      | Killed Eustachio
  3340 | D:4      | Reached skill level 7 in Axes
  3731 | D:5      | Reached XP level 8. HP: 69/69 MP: 7/7
  4416 | D:6      | Found a staircase to the Ecumenical Temple.
  4477 | D:6      | Reached skill level 8 in Axes
  4794 | D:6      | Found a hide-covered altar of Uskayaw.
  4967 | D:6      | Reached skill level 9 in Axes
  5322 | D:6      | Reached XP level 9. HP: 67/75 MP: 8/8
  5646 | D:7      | Noticed Menkaure
  5651 | D:7      | Killed Menkaure
  5805 | D:7      | Found a hazy altar of Hepliaklqana.
  5910 | D:7      | Noticed Dowan
  5911 | D:7      | Noticed Duvessa
  5945 | D:7      | Killed Duvessa
  5951 | D:7      | Killed Dowan
  6169 | D:7      | Reached skill level 10 in Axes
  6782 | D:8      | Found a glowing silver altar of Zin.
  7154 | D:8      | Reached skill level 11 in Axes
  7294 | D:8      | Reached XP level 10. HP: 86/86 MP: 9/9
  7785 | D:8      | Reached skill level 5 in Dodging
  7930 | D:8      | Noticed a two-headed ogre
  7940 | D:8      | Killed a two-headed ogre
  8240 | D:8      | Reached skill level 12 in Axes
  8507 | D:9      | Found a snail-covered altar of Cheibriados.
  8568 | D:9      | Got an iridescent war axe
  8569 | D:9      | Identified the +7 war axe "Dafryix" {venom, rElec MR+ Str+3
                  | Dex+4} (You found it on level 9 of the Dungeon)
  8648 | D:9      | Found a deep blue altar of Sif Muna.
  8649 | D:9      | Found a bloodstained altar of Trog.
  8772 | D:9      | Reached skill level 1 in Throwing
  8793 | D:9      | Found a runed translucent gate.
  8793 | D:9      | Found a runed translucent gate.
  8795 | D:9      | Found a runed translucent gate.
  8798 | D:9      | Noticed DolittleGuy's ghost (novice DsAK)
  8825 | D:9      | Found a shadowy altar of Dithmenos.
  8904 | D:9      | Reached XP level 11. HP: 93/93 MP: 10/10
  9060 | D:9      | Killed DolittleGuy's ghost
  9060 | D:9      | Reached skill level 1 in Evocations
  9360 | D:10     | Entered Level 10 of the Dungeon
  9493 | D:10     | Reached skill level 10 in Shields
  9678 | D:10     | Got an ivory bardiche
  9814 | D:10     | Found a runed translucent gate.
  9814 | D:10     | Found a runed translucent gate.
  9822 | D:10     | Reached skill level 13 in Axes
  9890 | D:10     | Found a runed translucent gate.
  9890 | D:10     | Noticed DimondSprtn's ghost (journeyman MiBe)
  9891 | D:10     | Noticed a two-headed ogre
  9892 | D:10     | Noticed a four-headed hydra
  9940 | D:10     | Found Jutiotua's Distillery.
  9953 | D:10     | Bought a potion of might for 64 gold pieces
  9953 | D:10     | Bought a potion of curing for 48 gold pieces
  9953 | D:10     | Bought a potion of agility for 64 gold pieces
  9953 | D:10     | Bought a potion of might for 64 gold pieces
  9953 | D:10     | Bought a potion of haste for 160 gold pieces
  9953 | D:10     | Bought a potion of brilliance for 64 gold pieces
  9953 | D:10     | Bought a potion of heal wounds for 80 gold pieces
 10041 | D:10     | Found a staircase to the Orcish Mines.
 10411 | D:10     | Identified the +9 bardiche of Pafyby {holy, MR++} (You
                  | found it on level 10 of the Dungeon)
 10577 | D:11     | Found a staircase to the Lair.
 10773 | D:11     | Reached skill level 10 in Armour
 11426 | D:12     | Noticed a two-headed ogre
 11433 | D:12     | Killed a two-headed ogre
 11538 | D:12     | Noticed a red ugly thing
 11546 | D:12     | Killed a red ugly thing
 11546 | D:12     | Reached XP level 12. HP: 68/102 MP: 13/13
 11921 | D:12     | Noticed Jorgrun
 11922 | D:12     | Reached skill level 14 in Axes
 11933 | D:12     | Killed Jorgrun
 12345 | D:13     | Found Ezaetse's Magic Scroll Boutique.
 12403 | D:13     | Found Zumoteu's Armour Shoppe.
 12425 | D:13     | Slain by a skeletal warrior

Skill      XL: |  1  2  3  4  5  6  7  8  9 10 11 12 |
---------------+-------------------------------------+-----
Armour         | 4 5 6 8 9 10 | 10.6
Shields        | 4 5 6 7 8 9 10 11 | 11.0
Axes           | 3 4 6 7 9 11 12 13 14 | 14.4
Fighting       | 4 5 6 7 8 9 |  9.4
Dodging        | 1 2 3 4 5 6 7 |  7.0
Throwing       | 1 3 |  3.6
Evocations     | 2 3 |  3.3
Polearms       | |  0.4

Action                   |  1- 3 |  4- 6 |  7- 9 | 10-12 || total
-------------------------+-------+-------+-------+-------++-------
Melee: War axe           |    55 |   119 |   266 |   439 ||   879
       Headbutt          |     3 |    12 |    58 |   119 ||   192
       Bardiche          |       |       |       |     2 ||     2
Throw: Tomahawk          |       |       |       |     5 ||     5
Invok: Potion Petition   |       |     1 |       |       ||     1
  Use: Scroll            |       |     7 |     2 |     2 ||    11
       Potion            |       |       |       |     5 ||     5
 Stab: Distracted        |       |       |     4 |       ||     4
  Eat: Chunk             |       |     4 |       |       ||     4
       Ration            |       |     1 |     4 |     6 ||    11
Armor: Scale mail        |    26 |    55 |    92 |       ||   173
       Chain mail        |       |       |     5 |    69 ||    74
       Plate armour      |       |       |       |    85 ||    85
Dodge: Dodged            |    26 |    48 |   103 |   131 ||   308
Block: Shield            |    30 |    69 |   177 |   273 ||   549
